 Dungeon Crawl Stone Soup version 0.31-a0-185-g9dded2c639 (webtiles) character file.

Game seed: 8394900432699068470

25 qw the Shooter (level 2, -2/16 HPs)
             Began as a Deep Elf Hunter on June 22, 2023.
             Slain by a kobold
             ... wielding a +2 dagger of venom
              (4 damage)
             ... on level 1 of the Dungeon.
             The game lasted 00:00:11 (259 turns).

qw the Shooter (Deep Elf Hunter)                     Turns: 259, Time: 00:00:12

Health: -2/16      AC:  3    Str:  8    XL:     2   Next: 86%
Magic:  4/4        EV: 12    Int: 13    God:
Gold:   25         SH:  0    Dex: 18    Spells: 1/1 levels left

rFire   . . .        a - +0 shortbow
rCold   . . .        (shield currently unavailable)
rNeg    . . .        c - +0 leather armour
rPois   .            (no helmet)
rElec   .            (no cloak)
rCorr   .            (no gloves)
SInv    .            (no boots)
Will    .....        (no amulet)
Stlth   ++           (no ring)
HPRegen 0.22/turn    (no ring)
MPRegen 0.09/turn

%: no passive effects
@: lethally poisoned (-2 -> -12)
A: no striking features
a: no special abilities


You were on level 1 of the Dungeon.
You visited 1 branch of the dungeon, and saw 1 of its levels.

You collected 25 gold pieces.


   Skills:
 - Level 1.5 Fighting
 + Level 6.5 Ranged Weapons
 - Level 2.4 Dodging
 - Level 1.2 Stealth


You had one spell level left.
You didn't know any spells.
Your spell library was empty.

Inventory:

Hand Weapons
 a - a +0 shortbow (weapon)
Armour
 c - a +0 leather armour (worn)
Scrolls
 b - 2 scrolls of identify {unknown}
 d - a scroll of teleportation {unknown}
 e - a scroll of amnesia {unknown}
Potions
 f - a potion of might {unknown}

Dungeon Overview and Level Annotations

Branches:
Dungeon (1/15)

Altars:


Message History

The endoplasm hits you but does no damage.
You shoot an arrow. The arrow hits the endoplasm.
You kill the endoplasm!
A kobold comes into view. It is wielding a +2 dagger of venom.
You shoot an arrow. The arrow closely misses the goblin.
The kobold shouts!
You hear a shout!
You hear an angry hiss.
A goblin comes into view. It is wielding a +0 dagger.
You shoot an arrow.
The arrow hits the goblin but does no damage.
The goblin hits you with a +0 dagger.
You shoot an arrow. The arrow barely misses the goblin.
The goblin misses you. The kobold hits you but does no damage.
You shoot an arrow. The arrow barely misses the goblin.
The kobold barely misses you. The goblin hits you but does no damage.
You shoot an arrow. The arrow closely misses the goblin.
The kobold hits you but does no damage. The goblin barely misses you.
You shoot an arrow. The arrow hits the goblin.
You kill the goblin!
The kobold barely misses you.
You shoot an arrow.
The arrow hits the kobold but does no damage.
The kobold hits you with a +2 dagger of venom.
The kobold misses you. The kobold barely misses you.
The kobold closely misses you.
You shoot an arrow. The arrow closely misses the kobold.
The kobold closely misses you.
The kobold hits you with a +2 dagger of venom.
You are lethally poisoned!
You shoot an arrow. The arrow hits the kobold.
The kobold is moderately wounded.
You feel very sick.
The kobold hits you with a +0 short sword.
The kobold hits you but does no damage.
You are more poisoned.
You shoot an arrow. The arrow barely misses the kobold.
You feel very sick. The kobold completely misses you.
The kobold hits you with a +2 dagger of venom.
You die...

.7.7.777
.##.#..#....#.#.####
.7...7
.......#..........#
77.}.7
.###...###.##.#.#.#
7...7
#.....)....#...#
.....[
#....##.########
..8_8.77 #..).##%#


7777777 ! #...###.# ....#...# ..# ......K@# .## #..%####K..# .... ...# #.. .....
+. ...### >..# ##.# .# You could see 2 kobolds.

Vanquished Creatures
  4 ball pythons (D:1)
  An endoplasm (D:1)
  4 goblins (D:1)
  2 hobgoblins (D:1)
  3 jackals (D:1)
  A kobold (D:1)
  2 bats (D:1)
  A frilled lizard (D:1)
  3 rats (D:1)
21 creatures vanquished.

Notes
Turn   | Place    | Note
-------+----------+-------------------------------------------
     0 | D:1      | qw the Deep Elf Hunter began the quest for the Orb.
     0 | D:1      | Reached XP level 1. HP: 12/12 MP: 3/3
     0 | D:1      | 0 ||| qw: Version: 0.3-a-9-g12657ce
     0 | D:1      | 0 ||| qw: Game counter: 1726
     0 | D:1      | 0 ||| qw: Always use a shield: true
     0 | D:1      | 0 ||| qw: God list: Okawaru
     0 | D:1      | 0 ||| qw: Allow faded altars: false
     0 | D:1      | 0 ||| qw: Do Orc after D:15 true
     0 | D:1      | 0 ||| qw: Do second Lair branch before Depths: true
     0 | D:1      | 0 ||| qw: Lair rune preference: random
     0 | D:1      | 0 ||| qw: Plans: Normal
     0 | D:1      | 0 ||| PLANNING D:1-11
    37 | D:1      | 37 ||| DROPPING scroll of butterflies.
    64 | D:1      | Reached skill level 6 in Ranged Weapons
    64 | D:1      | Reached XP level 2. HP: 16/16 MP: 4/4
   132 | D:1      | Found a faded altar of an unknown god.
   258 | D:1      | HP: 4/16 [kobold/+0 short sword (1)]
   259 | D:1      | Slain by a kobold

Levels and vault maps discovered:
D:1:      nagdon_arrival_zigzag_paths, layout_basic,
          shapermc_ecumenical_altar_totnotflames, minmay_domino_2

Skill      XL: |  1 |
---------------+----+-----
Ranged Weapons | 6 |  6.5
Fighting       | |  1.5
Dodging        | |  2.4
Stealth        | |  1.2

Action                     || total
---------------------------++-------
   Fire: Shortbow          ||    53
 Armour: Leather armour    ||     8
  Dodge: Dodged            ||    14

Table legend:
 A = Non-vault XP
 B = Vault XP
 C = Vault XP percentage of total XP
 D = Non-vault monster count
 E = Vault monster count
 F = Vault count percentage of total count
                 A         B        C        D         E       F
            +---------+---------+-------+---------+---------+-------
      Total |      34 |       3 |   8.1 |      19 |       2 |   9.5
            +---------+---------+-------+---------+---------+-------
        D:1 |      34 |       3 |   8.1 |      19 |       2 |   9.5
            +---------+---------+-------+---------+---------+-------
